Construct Infanterie Kompanie
Selects Mechanized Battlegroup
Construct Luftwaffe Kompanie
Selects Mobile Repair Stations
Marder III M Tank Destroyer
Infanterie Officer Quarters
Selects Wespe Self-propelled Artillery
Wespe Self-propelled Artillery
Marder III M Tank Destroyer
Luftwaffe Officer Quarters
Selects Zeroing Artillery Barrage
Zeroing Artillery Barrage
Construct Panzer Kompanie
Zeroing Artillery Barrage
Selects StuG Assault Group
Zeroing Artillery Barrage
Zeroing Artillery Barrage
Construct Panzergrenadier Kompanie